[Event "Titled Tuesday Blitz June 6 Late 2023"]
[White "Ibadov, Dashgyn"]
[Black "Rios Escobar, Adan"]
[WhiteFideId "24107514"]
[BlackFideId "3403645"]
[WhiteElo "2208"]
[BlackElo "2467"]
[Result "1-0"]
[Round "11"]
[TimeControl "180+2"]
[Date "2023.06.07"]
[WhiteClock "0:00:09"]
[BlackClock "0:00:06"]
[Board "57"]

1. e4 c5 2. Nf3 d6 3. d4 cxd4 4. Qxd4 Nc6 5. Bb5 Bd7 6. Bxc6 Bxc6 7. Nc3 e5 8. Qd3 h6 9. Be3 Nf6 10. O-O Be7 11. Rad1 O-O 12. h3 Qc7 13. Nd2 Rfd8 14. Nd5 Nxd5 15. exd5 Bd7 16. c4 f5 17. f4 e4 18. Qc3 b5 19. Bd4 Bf8 20. Rfe1 Rdc8 21. Re3 bxc4 22. Rg3 Bb5 23. Nf1 Qf7 24. Ne3 Rc7 25. Qa5 Rb7 26. Qc3 Rc8 27. Kf2 Kh7 28. h4 g6 29. h5 g5 30. fxg5 hxg5 31. Rxg5 f4 32. Ng4 e3+ 33. Ke2 Bh6 34. Nf6+ Kh8 35. Rg6 f3+ 36. gxf3 Bf4 37. Ne4+ Be5 38. Bxe5+ dxe5 39. Qxe5+ Qg7 40. Rxg7 Rxg7 41. Rg1 c3+ 42. Kxe3 Rg8 43. Rxg7 Rxg7 44. h6 c2 45. Qxg7# 1-0


[Site "https://www.chess.com"]

[Event "Titled Tuesday Blitz June 6 Late 2023"]
[White "Balla, Tamas-Kristof"]
[Black "Gomez Ledo, Roberto Carlos"]
[WhiteFideId "1208497"]
[BlackFideId "3507076"]
[WhiteElo "2334"]
[BlackElo "2378"]
[Result "0-1"]
[Round "11"]
[TimeControl "180+2"]
[Date "2023.06.07"]
[WhiteClock "0:00:10"]
[BlackClock "0:01:12"]
[Board "58"]

1. e4 d6 2. d4 Nf6 3. Nc3 e5 4. Nf3 Nbd7 5. Bc4 Be7 6. O-O O-O 7. a4 c6 8. Bg5 a5 9. Qe2 h6 10. Bh4 Nh5 11. Bg3 Nxg3 12. hxg3 exd4 13. Nxd4 Nc5 14. Rad1 Qb6 15. Nf5 Bxf5 16. exf5 Rae8 17. b3 Bf6 18. Qf3 d5 19. Bxd5 Bxc3 20. Qxc3 cxd5 21. Rxd5 Rc8 22. Qd4 Qf6 23. Qd2 b6 24. Rd6 Rfd8 25. Rxf6 Rxd2 26. Rxb6 Rxc2 27. Rb5 Ra8 28. f6 gxf6 29. Rd1 Ne4 30. Rd4 Nc3 31. Rf5 Ne2+ 0-1


[Site "https://www.chess.com"]

[Event "Titled Tuesday Blitz June 6 Late 2023"]
[White "Mendez Fortes, Eduardo Jesus"]
[Black "Kovalevsky, Stanislav"]
[WhiteFideId "3502376"]
[BlackFideId "13508598"]
[WhiteElo "2307"]
[BlackElo "2112"]
[Result "1-0"]
[Round "11"]
[TimeControl "180+2"]
[Date "2023.06.07"]
[WhiteClock "0:00:09"]
[BlackClock "0:00:03"]
[Board "59"]

1. e4 e6 2. d4 d5 3. Nd2 dxe4 4. Nxe4 Nf6 5. Nxf6+ gxf6 6. Nf3 Nc6 7. c3 Ne7 8. Bd3 Bd7 9. Qe2 Bc6 10. Bf4 Rg8 11. Bg3 h5 12. O-O f5 13. Rad1 Bh6 14. c4 Bxf3 15. Qxf3 Qxd4 16. Qxb7 Rc8 17. Bxf5 Qb6 18. Qxb6 cxb6 19. Bd3 Rc5 20. Rfe1 Ra5 21. a3 Bg7 22. Re2 Bf6 23. Be4 Rag5 24. Red2 Nf5 25. Bc6+ Kf8 26. Bb8 a6 27. g3 h4 28. Kf1 hxg3 29. hxg3 Rg4 30. b3 Nd4 31. Bg2 Nxb3 32. Rd7 Rd4 33. R7xd4 Bxd4 34. Rd3 Ke7 35. Bf4 e5 36. Rxb3 exf4 37. gxf4 Kd6 38. Bd5 Rg4 39. Rf3 f6 40. Ke2 Kc5 41. Kd3 Rg1 42. Be6 Rd1+ 43. Ke4 Rf1 44. Kf5 Rxf2 45. Rxf2 Bxf2 46. Kxf6 Bg3 47. f5 Bh4+ 48. Kg6 b5 49. cxb5 axb5 50. f6 b4 51. a4 Kd4 52. f7 Be7 53. Kg7 Kc5 54. f8=Q Bxf8+ 55. Kxf8 b3 56. Bxb3 Kb4 57. Bd1 Ka5 58. Ke7 1-0


[Site "https://www.chess.com"]

[Event "Titled Tuesday Blitz June 6 Late 2023"]
[White "Garcia Cuenca, Victor"]
[Black "Melian, Juan Sebastian"]
[WhiteFideId "2250829"]
[BlackFideId "3706575"]
[WhiteElo "2329"]
[BlackElo "2092"]
[Result "1/2-1/2"]
[Round "11"]
[TimeControl "180+2"]
[Date "2023.06.07"]
[WhiteClock "0:00:03"]
[BlackClock "0:00:07"]
[Board "60"]

1. Nf3 Nf6 2. b3 d5 3. Bb2 c6 4. g3 Bg4 5. Bg2 Nbd7 6. O-O e6 7. c4 Be7 8. d3 O-O 9. Nbd2 a5 10. a3 h6 11. Qc2 Bf5 12. Rfe1 Bh7 13. e4 Nc5 14. Re3 dxe4 15. dxe4 Ng4 16. Re2 Bf6 17. Bxf6 Qxf6 18. Rb1 Rfd8 19. b4 axb4 20. axb4 Nd3 21. h3 Nge5 22. Nh2 g5 23. Ng4 Nxg4 24. hxg4 Ra1 25. b5 Rda8 26. Qxd3 Rxb1+ 27. Nxb1 Ra1 28. Re1 Qb2 29. bxc6 bxc6 30. Rd1 Bg6 31. Nc3 Ra3 32. Qd8+ Kh7 33. Nb1 Ra1 34. Qd3 c5 35. Bf1 Qb4 36. Nc3 Ra3 37. Rc1 Qa5 38. Qc2 Qa8 39. Bd3 Kg7 40. e5 Qf3 41. Bxg6 fxg6 42. Ne4 Qxg4 43. Nf6 Qd4 44. Rd1 Qxe5 45. Ne8+ Kf8 46. Qxg6 Ra1 47. Rxa1 Qxa1+ 48. Kg2 Qa8+ 49. Kh2 Qxe8 50. Qxh6+ Kf7 51. Qxg5 Qh8+ 52. Kg2 Qc3 53. Qxc5 Qc2 54. Qd4 Qa4 55. Qf4+ Ke7 56. Qe4 Qb4 57. Qd4 Qb7+ 58. f3 Qb1 59. g4 Qe1 60. c5 Qe2+ 61. Kg3 Qe1+ 62. Kf4 Qc1+ 63. Ke4 Qc2+ 64. Kf4 Qc1+ 65. Ke4 Qc2+ 66. Ke3 Qc1+ 67. Kd3 Qd1+ 68. Kc4 Qa4+ 69. Kc3 Qa1+ 70. Kd3 Qb1+ 71. Kc3 Qa1+ 72. Kc4 Qa4+ 73. Kd3 Qd1+ 74. Ke3 Qg1+ 75. Ke4 Qe1+ 76. Qe3 Qb4+ 77. Qd4 Qb1+ 78. Kf4 Qc1+ 1/2-1/2


[Site "https://www.chess.com"]

[Event "Titled Tuesday Blitz June 6 Late 2023"]
[White "QuiesPrecatio"]
[Black "Streltsov, Alexey"]
[BlackFideId "24104434"]
[WhiteElo "2445"]
[BlackElo "2562"]
[Result "0-1"]
[Round "11"]
[TimeControl "180+2"]
[Date "2023.06.07"]
[WhiteClock "0:02:37"]
[BlackClock "0:02:55"]
[Board "61"]

1. c4 e6 2. g3 d5 3. Bg2 c6 4. Nf3 Nf6 5. O-O Nbd7 6. d4 dxc4 7. Nfd2 Nb6 8. e3 c5 9. Nxc4 cxd4 10. Qa4+ Nxa4 0-1


[Site "https://www.chess.com"]

[Event "Titled Tuesday Blitz June 6 Late 2023"]
[White "Golubev, Mikhail"]
[Black "Buchenau, Frank"]
[WhiteFideId "14100983"]
[BlackFideId "4604350"]
[WhiteElo "2374"]
[BlackElo "2157"]
[Result "1-0"]
[Round "11"]
[TimeControl "180+2"]
[Date "2023.06.07"]
[WhiteClock "0:00:10"]
[BlackClock "0:00:51"]
[Board "62"]

1. e4 e6 2. Nc3 d5 3. d4 Nf6 4. e5 Nfd7 5. f4 c5 6. Nf3 Nc6 7. Be3 a6 8. Ne2 Qb6 9. Qc1 Be7 10. g3 O-O 11. Bh3 Qb5 12. Kf2 a5 13. a4 Qb6 14. c3 Qc7 15. Rf1 cxd4 16. cxd4 Nb6 17. Kg1 Nc4 18. Bf2 Bd7 19. b3 Nb6 20. Be3 Rac8 21. Qb1 Nb4 22. Rc1 Qb8 23. f5 Rxc1+ 24. Bxc1 Qc8 25. f6 gxf6 26. exf6 Bxf6 27. Bh6 Bg7 28. Bxg7 Kxg7 29. Qf1 Qc2 30. Rc1 Qe4 31. Nf4 Qe3+ 32. Kh1 Rc8 33. Re1 Qxb3 34. Ng5 Nc2 35. Nh5+ Kf8 36. Qxf7# 1-0


[Site "https://www.chess.com"]

[Event "Titled Tuesday Blitz June 6 Late 2023"]
[White "Janaszak, Dawid"]
[Black "Abduzhaparov"]
[WhiteFideId "1119206"]
[WhiteElo "2220"]
[BlackElo "2413"]
[Result "0-1"]
[Round "11"]
[TimeControl "180+2"]
[Date "2023.06.07"]
[WhiteClock "0:01:22"]
[BlackClock "0:00:44"]
[Board "63"]

1. d4 d6 2. e4 Nf6 3. Nc3 e5 4. Nge2 exd4 5. Nxd4 Be7 6. g3 O-O 7. Bg2 Re8 8. O-O Nbd7 9. h3 Bf8 10. g4 Nc5 11. Re1 a5 12. g5 Nfd7 13. f4 c6 14. a4 Qb6 15. Kh1 Qc7 16. h4 Nb6 17. h5 Qd7 18. f5 d5 19. e5 Ne4 20. Bf4 Nf2+ 21. Kh2 Nxd1 22. Raxd1 c5 23. e6 fxe6 24. fxe6 Qd8 25. Ndb5 Bxe6 26. Nc7 Bd6 27. Nxe8 Bxf4+ 28. Kh1 Qxe8 29. Bh3 Qxh5 0-1


[Site "https://www.chess.com"]

[Event "Titled Tuesday Blitz June 6 Late 2023"]
[White "Ai, Evan"]
[Black "Jaskolka, Tomasz"]
[WhiteFideId "2094770"]
[BlackFideId "1170791"]
[WhiteElo "1963"]
[BlackElo "2155"]
[Result "1-0"]
[Round "11"]
[TimeControl "180+2"]
[Date "2023.06.07"]
[WhiteClock "0:01:02"]
[BlackClock "0:01:00"]
[Board "64"]

1. e4 d5 2. exd5 Nf6 3. d4 Bg4 4. Be2 Bxe2 5. Qxe2 Qxd5 6. Nf3 Nc6 7. c4 Qh5 8. Nc3 O-O-O 9. d5 Nb8 10. Ne5 Qxe2+ 11. Kxe2 Re8 12. Nxf7 Rg8 13. Ng5 e5 14. Ne6 Nbd7 15. Be3 Ng4 16. Bxa7 b6 17. Nb5 Bd6 18. a4 Kb7 19. a5 Nc5 20. axb6 Nxe6 21. dxe6 Rxe6 22. bxc7 e4 23. Bd4 Ne5 24. Ra7+ Kc6 25. Ra6+ Kd7 26. Nxd6 Rxd6 27. Rxd6+ Kxd6 28. Rd1 Nc6 29. Bb6+ Ke7 30. Rd8 Nxd8 31. c8=Q Re8 32. Bc5+ Kf6 33. Qd7 Rg8 34. Be7+ Kg6 35. Bxd8 h5 36. Qe6+ Kh7 37. Qf5+ Kh8 38. Qxh5# 1-0


[Site "https://www.chess.com"]

[Event "Titled Tuesday Blitz June 6 Late 2023"]
[White "Prado Lobo, Jonas"]
[Black "Ansh M Shah"]
[WhiteFideId "32050666"]
[BlackFideId "25033379"]
[WhiteElo "2322"]
[BlackElo "2084"]
[Result "1-0"]
[Round "11"]
[TimeControl "180+2"]
[Date "2023.06.07"]
[WhiteClock "0:01:09"]
[BlackClock "0:00:02"]
[Board "65"]

1. d4 c6 2. Nc3 d5 3. Bf4 Bf5 4. e3 e6 5. Nf3 Nf6 6. Ne5 Nbd7 7. g4 Bg6 8. h4 Nxe5 9. dxe5 d4 10. Qxd4 Qxd4 11. exd4 Nxg4 12. f3 Nh6 13. h5 Bxc2 14. Ne4 Nf5 15. Rc1 Bxe4 16. fxe4 Nxd4 17. Bg2 O-O-O 18. Kf2 Be7 19. Rhd1 Rd7 20. Bf1 Rhd8 21. Be3 g6 22. hxg6 hxg6 23. Rd2 Kb8 24. Rcd1 c5 25. b4 b6 26. bxc5 Bxc5 27. Bb5 Nxb5 28. Rxd7 Rxd7 29. Rxd7 Bxe3+ 30. Kxe3 Nc3 31. Rxf7 Nxa2 32. Re7 Nc3 33. Rxe6 a5 34. Rxg6 Kc7 35. Kd4 Nb5+ 36. Kc4 Na3+ 37. Kd5 Nc2 38. Rg7+ Kd8 39. e6 Nb4+ 40. Kd6 Kc8 41. e7 1-0


[Site "https://www.chess.com"]

[Event "Titled Tuesday Blitz June 6 Late 2023"]
[White "Krishnakumar, Sriram"]
[Black "marik_spb"]
[WhiteFideId "30915856"]
[WhiteElo "2492"]
[BlackElo "2439"]
[Result "0-1"]
[Round "11"]
[TimeControl "180+2"]
[Date "2023.06.07"]
[WhiteClock "0:00:57"]
[BlackClock "0:00:10"]
[Board "66"]

1. e4 c6 2. d4 d5 3. e5 Bf5 4. h4 h5 5. Bd3 Bxd3 6. Qxd3 Qa5+ 7. Nd2 e6 8. Nf3 Ne7 9. O-O Nf5 10. Nb3 Qd8 11. g3 Be7 12. Bg5 Nd7 13. a4 Rc8 14. a5 a6 15. c3 c5 16. Nbd2 Bxg5 17. Nxg5 cxd4 18. cxd4 Nb8 19. Rfc1 Rxc1+ 20. Rxc1 O-O 21. b4 Nc6 22. Nb3 Nxb4 23. Qd1 g6 24. Nc5 Qxa5 25. Nd7 Nc6 26. Nf6+ Kg7 27. Nxh5+ gxh5 28. Qxh5 Nh6 29. Nh3 Qd2 30. Rb1 Nxd4 31. Rxb7 Qe1+ 32. Kg2 Qe4+ 33. Kg1 Nf3+ 34. Kf1 Nxe5 35. Qg5+ Ng6 36. Nf4 Qh1+ 37. Ke2 Qe4+ 38. Kf1 Kh7 39. Nh5 Ng8 40. Kg1 Qf5 41. Qxf5 exf5 42. Ra7 N8e7 43. Rxa6 Rd8 44. Ra7 d4 45. Ra2 d3 46. Rd2 Ne5 47. Kg2 Nc4 48. Rd1 d2 49. Nf6+ Kg6 50. Nh5 Kxh5 51. f4 Ne3+ 52. Kf3 Nxd1 53. g4+ fxg4+ 54. Ke4 Nf2+ 55. Ke5 d1=Q 56. Kf6 Qd4+ 57. Kxf7 Qd5+ 58. Kf6 Qf5+ 59. Kg7 Qg6# 0-1


[Site "https://www.chess.com"]

[Event "Titled Tuesday Blitz June 6 Late 2023"]
[White "Kujawski, Adam"]
[Black "Ismayil, Malak"]
[WhiteFideId "1100920"]
[BlackFideId "13412604"]
[WhiteElo "2054"]
[BlackElo "1868"]
[Result "1/2-1/2"]
[Round "11"]
[TimeControl "180+2"]
[Date "2023.06.07"]
[WhiteClock "0:00:14"]
[BlackClock "0:01:43"]
[Board "67"]

1. e4 e5 2. Nf3 Nc6 3. Bb5 a6 4. Ba4 Nf6 5. O-O b5 6. Bb3 Be7 7. d4 d6 8. dxe5 Nxe5 9. Nxe5 dxe5 10. Qxd8+ Bxd8 11. a4 b4 12. a5 Bb7 13. f3 O-O 14. Be3 Be7 15. Nd2 Rfd8 16. Nc4 Nd7 17. Rfd1 Kf8 18. Kf2 f6 19. Ke2 Nc5 20. Bxc5 Bxc5 21. Ne3 Bxe3 22. Kxe3 Ke7 23. Bc4 c5 24. g3 Rd4 25. Be2 Bc6 26. c3 bxc3 27. bxc3 Rxd1 28. Rxd1 Rb8 29. Ra1 Bb5 30. Rb1 Rb7 31. Bc4 Kd6 32. Bd5 Ra7 33. c4 Bd7 34. Rb6+ Kc7 35. f4 Bc8 36. h4 Bd7 37. h5 h6 38. g4 Bxg4 39. fxe5 fxe5 40. Rg6 Bxh5 41. Rxg7+ Kb8 42. Rg8+ Kc7 43. Rg7+ Kb8 44. Rg8+ Kc7 45. Rg7+ 1/2-1/2


[Site "https://www.chess.com"]

[Event "Titled Tuesday Blitz June 6 Late 2023"]
[White "Seletsky, Grigory"]
[Black "Lalanne, Pablo"]
[WhiteFideId "14112191"]
[BlackFideId "112151"]
[WhiteElo "2491"]
[BlackElo "2120"]
[Result "1/2-1/2"]
[Round "11"]
[TimeControl "180+2"]
[Date "2023.06.07"]
[WhiteClock "0:00:33"]
[BlackClock "0:00:37"]
[Board "68"]

1. d4 d5 2. c4 e6 3. Nc3 c5 4. cxd5 exd5 5. Nf3 Nc6 6. g3 Nf6 7. Bg2 Be7 8. O-O O-O 9. b3 Ne4 10. Bb2 Bf6 11. Nxe4 dxe4 12. Ne5 Nxd4 13. e3 Bxe5 14. exd4 cxd4 15. Bxe4 Qf6 16. f4 Bc7 17. Bxd4 Bb6 18. Bxb6 Qxb6+ 19. Rf2 Re8 20. Bf3 Bf5 21. Qd2 Rad8 22. Qb2 Rd3 23. Kg2 Red8 24. Re1 h6 25. Re7 R3d7 26. Qe5 Be6 27. Rxd7 Bxd7 28. Qe7 Bc6 29. Re2 Re8 30. Qxe8+ Bxe8 31. Rxe8+ Kh7 32. Be4+ g6 33. Re7 Kg7 34. Rxb7 Qd4 35. Bf3 h5 36. a4 a5 37. Rb5 f5 38. h4 Kh6 39. Be2 Qe3 40. Bc4 Qd2+ 41. Kf3 Qd1+ 42. Kf2 Qd2+ 43. Kf3 Qd1+ 44. Kf2 Qd2+ 45. Kf3 1/2-1/2


[Site "https://www.chess.com"]

[Event "Titled Tuesday Blitz June 6 Late 2023"]
[White "Garmendiarov"]
[Black "Prydun, Andriy"]
[BlackFideId "14145898"]
[WhiteElo "2468"]
[BlackElo "2164"]
[Result "0-1"]
[Round "11"]
[TimeControl "180+2"]
[Date "2023.06.07"]
[WhiteClock "0:00:02"]
[BlackClock "0:00:06"]
[Board "69"]

1. d4 Nf6 2. Bf4 c5 3. e3 cxd4 4. exd4 Qb6 5. Na3 Nc6 6. Nf3 Qxb2 7. Nb5 Nd5 8. Rb1 Qxa2 9. Ra1 Qb2 10. Bd2 Ncb4 11. Bd3 Nxd3+ 12. cxd3 Qxb5 13. O-O g6 14. Ne5 Bg7 15. Qf3 O-O 16. Rfb1 Qxb1+ 17. Rxb1 e6 18. h4 h5 19. Qg3 b6 20. Rc1 a5 21. Rb1 a4 22. Ra1 b5 23. Qf3 b4 24. Qd1 b3 25. Qc1 Ba6 26. Qb2 Bb5 27. Nc4 Rfb8 28. Bc3 Bc6 29. Na3 Bf8 30. Rc1 Nxc3 31. Rxc3 Bd5 32. Rc1 Bb4 33. Nc4 Be7 34. Qd2 a3 35. Nxa3 Bxa3 36. Rb1 b2 37. Qc2 Ba2 38. Qe2 Bxb1 39. Qe5 Bxd3 40. f4 Bf5 41. Qf6 b1=Q+ 42. Kh2 Qe4 43. d5 Bf8 44. g3 Ra2+ 45. Kg1 Qg2# 0-1


[Site "https://www.chess.com"]

[Event "Titled Tuesday Blitz June 6 Late 2023"]
[White "Hoffmann, Asa"]
[Black "Alexikov, Alexander"]
[WhiteFideId "2001470"]
[BlackFideId "14103958"]
[WhiteElo "2117"]
[BlackElo "2186"]
[Result "1/2-1/2"]
[Round "11"]
[TimeControl "180+2"]
[Date "2023.06.07"]
[WhiteClock "0:01:40"]
[BlackClock "0:01:06"]
[Board "70"]

1. d4 Nf6 2. Bg5 e6 3. Nd2 h6 4. Bh4 d5 5. e3 c5 6. c3 Nc6 7. f4 Qb6 8. Rb1 Be7 9. Bd3 Bd7 10. Ngf3 Qc7 11. O-O cxd4 12. cxd4 Rc8 13. a3 O-O 14. Ne5 Be8 15. Qf3 Qd8 16. Rbc1 Ne4 17. Bxe4 dxe4 18. Bxe7 exf3 19. Bxd8 fxg2 20. Kxg2 Rxd8 21. Ndf3 f5 22. Rfd1 Kh8 23. h4 g6 24. Kf2 Kh7 25. Rg1 Rg8 26. Nxc6 Bxc6 27. Ne5 Rc8 28. Rc5 Bd5 29. Rgc1 Rxc5 30. Rxc5 Rg7 31. b4 g5 32. fxg5 hxg5 33. hxg5 Rxg5 34. Rc7+ Rg7 35. Rxg7+ Kxg7 36. Kg3 Kf6 37. Kf4 b6 38. Nd3 Bc4 39. Nf2 Bd5 40. Nd3 Bc4 41. Ne5 Bd5 42. Nd3 1/2-1/2


[Site "https://www.chess.com"]

[Event "Titled Tuesday Blitz June 6 Late 2023"]
[White "Campos, Maria Jose"]
[Black "Liu, Eric"]
[WhiteFideId "146803"]
[BlackFideId "30960240"]
[WhiteElo "2170"]
[BlackElo "2094"]
[Result "0-1"]
[Round "11"]
[TimeControl "180+2"]
[Date "2023.06.07"]
[WhiteClock "0:00:25"]
[BlackClock "0:00:05"]
[Board "71"]

1. c4 b6 2. Nc3 Bb7 3. e4 e6 4. g3 h5 5. h4 Nf6 6. Bg2 c5 7. Nge2 d5 8. exd5 exd5 9. O-O Qd7 10. d3 d4 11. Bxb7 Qxb7 12. Nb5 a6 13. Na3 Nc6 14. Bf4 O-O-O 15. Nc2 Bd6 16. Ne1 Ng4 17. Nf3 f6 18. Bxd6 Rxd6 19. Nf4 Nce5 20. Nd5 Rxd5 21. cxd5 Qxd5 22. Nxe5 fxe5 23. Qe2 Rf8 24. Rae1 Rf3 25. a3 b5 26. Rc1 Kd7 27. a4 Kd6 28. axb5 axb5 29. Ra1 Rf8 30. Ra6+ Ke7 31. Ra7+ Kf6 32. Rfa1 Kg6 33. Rf1 c4 34. Qd2 Rf5 35. Qa5 cxd3 36. Qb6+ Rf6 37. Qb8 Rf7 38. Rxf7 Kxf7 39. Qc7+ Kg6 40. Qe7 Kh7 41. Qg5 Nf6 42. Qf5+ Kh8 43. Qxd3 e4 44. Qa3 d3 45. Rd1 Ng4 46. Qf8+ Kh7 47. Qe8 Qf5 48. Rd2 Ne5 49. Rd1 Nf3+ 50. Kg2 Nxh4+ 51. Kg1 Qf3 52. gxh4 Qxd1+ 53. Kg2 Qg4+ 54. Kf1 d2 0-1


[Site "https://www.chess.com"]

[Event "Titled Tuesday Blitz June 6 Late 2023"]
[White "Arnold, Ken"]
[Black "Eidelman, Gabriel"]
[WhiteFideId "2056836"]
[BlackFideId "30910544"]
[WhiteElo "2440"]
[BlackElo "2447"]
[Result "1-0"]
[Round "11"]
[TimeControl "180+2"]
[Date "2023.06.07"]
[WhiteClock "0:00:57"]
[BlackClock "0:00:01"]
[Board "72"]

1. d4 Nf6 2. c4 g6 3. Nf3 Bg7 4. Nc3 d5 5. Bg5 c6 6. Bxf6 Bxf6 7. e4 dxe4 8. Nxe4 Bg7 9. Be2 O-O 10. Qd2 Nd7 11. O-O Nf6 12. Nxf6+ Bxf6 13. Rfd1 Bf5 14. Qe3 Qc7 15. Rd2 Rad8 16. Rad1 h5 17. h3 a5 18. b3 b6 19. Ne5 c5 20. f4 cxd4 21. Rxd4 Qc5 22. Kf2 Rxd4 23. Qxd4 Qa3 24. Rd2 Qc1 25. Qe3 a4 26. Nf3 axb3 27. axb3 b5 28. Rd5 Qxe3+ 29. Kxe3 bxc4 30. Bxc4 Be6 31. Rd2 Bxc4 32. bxc4 Rc8 33. Rc2 e6 34. g4 hxg4 35. hxg4 Kf8 36. Nd4 Bxd4+ 37. Kxd4 Ke7 38. Rb2 g5 39. Rb7+ Kf6 40. fxg5+ Kxg5 41. Rxf7 Kxg4 42. c5 e5+ 43. Kd5 e4 44. Re7 Kf3 45. Kd4 e3 46. Rxe3+ Kf4 47. Re7 Kf5 48. Kd5 1-0


[Site "https://www.chess.com"]

[Event "Titled Tuesday Blitz June 6 Late 2023"]
[White "Yanayt, Eugene"]
[Black "Kaplan, Avi Harrison"]
[WhiteFideId "2020165"]
[BlackFideId "30934559"]
[WhiteElo "2083"]
[BlackElo "1983"]
[Result "0-1"]
[Round "11"]
[TimeControl "180+2"]
[Date "2023.06.07"]
[WhiteClock "0:00:03"]
[BlackClock "0:01:52"]
[Board "73"]

1. d4 Nf6 2. c4 g6 3. Nc3 Bg7 4. e4 O-O 5. Be2 d6 6. Bg5 c5 7. d5 e6 8. Nf3 exd5 9. cxd5 Bg4 10. Nd2 Bxe2 11. Qxe2 Re8 12. O-O a6 13. a4 Nbd7 14. f4 Qc7 15. Qf3 b6 16. h3 Rab8 17. Qd3 b5 18. axb5 axb5 19. Ra6 c4 20. Qf3 b4 21. Ne2 Nc5 22. Rc6 Qa7 23. Nxc4 Ncxe4+ 24. Kh2 Nxd5 25. Nxd6 Nxd6 26. Qxd5 Nf5 27. Ng3 Ne3 28. Qf3 Nxf1+ 29. Qxf1 Bxb2 30. Qc4 Qd4 31. Qb3 Rec8 32. Bf6 Qxf6 33. Rxf6 Bxf6 34. f5 Kg7 35. fxg6 hxg6 36. Ne4 Be5+ 37. g3 Rc3 38. Nxc3 bxc3 39. Qd5 Bf6 40. Qd6 c2 41. Qxb8 c1=Q 42. Qb3 Qd2+ 43. Kh1 Bd4 44. Qf3 Qe1+ 45. Kg2 Qg1# 0-1


[Site "https://www.chess.com"]

[Event "Titled Tuesday Blitz June 6 Late 2023"]
[White "Krzywda, Andrzej"]
[Black "Kohler, Aran"]
[WhiteFideId "1114565"]
[BlackFideId "1002856"]
[WhiteElo "2138"]
[BlackElo "2330"]
[Result "1-0"]
[Round "11"]
[TimeControl "180+2"]
[Date "2023.06.07"]
[WhiteClock "0:00:42"]
[BlackClock "0:00:19"]
[Board "74"]

1. e4 c6 2. d4 d5 3. exd5 cxd5 4. Bd3 a6 5. c3 Nc6 6. Bf4 Nf6 7. h3 e6 8. Nf3 Bd6 9. Bxd6 Qxd6 10. Qe2 O-O 11. Nbd2 Qc7 12. O-O h6 13. Rfe1 Re8 14. Ne5 Nxe5 15. dxe5 Nd7 16. c4 Nf8 17. Rac1 Qa5 18. cxd5 Qxd5 19. Nc4 Rb8 20. Nd6 Rd8 21. Be4 Qxa2 22. Qf3 Rxd6 23. exd6 Qxb2 24. Rc7 Bd7 25. Bxb7 a5 26. Bc6 Rd8 27. Bxd7 Nxd7 28. Qc6 Qb4 29. Rc1 Nf8 30. d7 Qe7 31. Rd1 g6 32. Qa4 g5 33. g3 Kg7 34. g4 f6 35. Kg2 Ng6 36. Rc8 Nf4+ 37. Kh2 Nd5 38. Rxd8 Qxd8 39. Rc1 Nb6 40. Qxa5 Qb8+ 41. Kg1 Nxd7 42. Qc7 Qb5 43. Rd1 Kg6 44. Qxd7 Qe5 45. Qe8+ 1-0


[Site "https://www.chess.com"]

[Event "Titled Tuesday Blitz June 6 Late 2023"]
[White "Pavlidou, Ekaterini"]
[Black "Belov, Alexei"]
[WhiteFideId "4213262"]
[BlackFideId "4128206"]
[WhiteElo "2126"]
[BlackElo "2596"]
[Result "0-1"]
[Round "11"]
[TimeControl "180+2"]
[Date "2023.06.07"]
[WhiteClock "0:00:13"]
[BlackClock "0:01:11"]
[Board "75"]

1. d4 e6 2. c4 d5 3. cxd5 exd5 4. Nc3 c6 5. Nf3 Bf5 6. h3 Nf6 7. Bg5 Be7 8. e3 Nbd7 9. Nh4 Be6 10. g4 Ne4 11. Bxe7 Qxe7 12. Nxe4 dxe4 13. Nf5 Bxf5 14. gxf5 Nf6 15. Qb3 O-O 16. Be2 Qd7 17. Bg4 h5 18. Be2 Qxf5 19. Qxb7 Rab8 20. Qxa7 Rxb2 21. Rg1 Rfb8 22. Qa6 Rb1+ 23. Rxb1 Rxb1+ 24. Bd1 Qf3 25. Qe2 Qxh3 26. Qc2 Rb6 27. Qc5 Rb2 28. Qc3 Rxa2 29. d5 Qf5 30. Bc2 cxd5 31. Kf1 Ng4 32. Rg2 Rxc2 0-1


[Site "https://www.chess.com"]

[Event "Titled Tuesday Blitz June 6 Late 2023"]
[White "Pace, Christopher"]
[Black "Machidon, Cristi"]
[WhiteFideId "2610167"]
[BlackFideId "13904590"]
[WhiteElo "2329"]
[BlackElo "2355"]
[Result "0-1"]
[Round "11"]
[TimeControl "180+2"]
[Date "2023.06.07"]
[WhiteClock "0:00:11"]
[BlackClock "0:01:01"]
[Board "76"]

1. e4 d5 2. exd5 Qxd5 3. d4 Nc6 4. Nf3 e5 5. Nc3 Bb4 6. Bd2 Bxc3 7. Bxc3 e4 8. Ne5 Nxe5 9. dxe5 Be6 10. Qh5 O-O-O 11. Be2 Ne7 12. O-O g6 13. Qg5 Nf5 14. Rfd1 Qc5 15. Qf6 h5 16. Qg5 e3 17. f3 h4 18. Kh1 Rd2 19. Bxd2 Ng3+ 0-1


[Site "https://www.chess.com"]

[Event "Titled Tuesday Blitz June 6 Late 2023"]
[White "Camilla_Lee"]
[Black "Weisz, Bryan"]
[BlackFideId "30934133"]
[WhiteElo "2486"]
[BlackElo "2326"]
[Result "0-1"]
[Round "11"]
[TimeControl "180+2"]
[Date "2023.06.07"]
[WhiteClock "0:01:42"]
[BlackClock "0:00:23"]
[Board "77"]

1. e4 e5 2. Nf3 Nc6 3. Nc3 Nf6 4. d4 exd4 5. Nd5 Be7 6. Nxd4 O-O 7. Nb5 Nxe4 8. Nbxc7 Bc5 9. Be3 Bxe3 10. fxe3 Rb8 11. Bd3 Qh4+ 12. g3 Nxg3 13. hxg3 Qxh1+ 14. Kd2 Qxd1+ 15. Rxd1 d6 16. b4 Be6 17. b5 Bxd5 18. Nxd5 Ne5 19. Bf5 g6 20. Bh3 Kg7 21. e4 Nc4+ 22. Kd3 Nb6 23. Ne3 Rfe8 24. c4 Re5 25. Rf1 Rbe8 26. Bg2 Rg5 27. Rf3 Nd7 28. Kd4 Ne5 29. Rf2 Rxg3 30. Bf1 Rxe3 31. Kxe3 Ng4+ 0-1


[Site "https://www.chess.com"]

[Event "Titled Tuesday Blitz June 6 Late 2023"]
[White "Swicarz, Maciej"]
[Black "Rodriguez Santiago, Jaime"]
[WhiteFideId "1113585"]
[BlackFideId "3100898"]
[WhiteElo "2181"]
[BlackElo "2025"]
[Result "1-0"]
[Round "11"]
[TimeControl "180+2"]
[Date "2023.06.07"]
[WhiteClock "0:00:04"]
[BlackClock "0:00:12"]
[Board "78"]

1. e4 c6 2. Nc3 d5 3. Qe2 dxe4 4. Nxe4 Bf5 5. g3 e6 6. Bg2 Be7 7. c3 Nd7 8. d4 Ngf6 9. Nxf6+ Nxf6 10. Nf3 O-O 11. Ne5 Nd7 12. Nc4 Rc8 13. O-O b6 14. Bf4 c5 15. Bb7 cxd4 16. Bxc8 d3 17. Qf3 Qxc8 18. Nd6 Bxd6 19. Bxd6 Rd8 20. Rfd1 Nf6 21. Be7 Rd7 22. Bxf6 gxf6 23. g4 Bg6 24. Qxf6 Qc4 25. Qf3 d2 26. h3 Rd3 27. Qf6 h6 28. f3 Qc5+ 29. Kg2 Qe3 30. h4 Qe2+ 31. Kg3 Be4 32. Rf1 Bd5 33. Rad1 a5 34. g5 h5 35. g6 fxg6 36. Qxg6+ Kf8 37. Qf6+ Ke8 38. b3 Kd7 39. c4 Bb7 40. Qg7+ Kc8 41. Qf8+ Kc7 42. Qf7+ Kb8 43. Qf4+ Ka7 44. c5 b5 45. Qf7 Rd5 46. c6 Qe5+ 47. Kg2 Qe2+ 48. Rf2 Qxf2+ 49. Kxf2 Kb6 50. Qxb7+ Kc5 51. c7 Kd4 52. c8=Q Kd3 53. Qcc7 e5 54. Qh7+ e4 55. Qbc7 Rd4 56. Qxe4+ Rxe4 57. fxe4 Kd4 58. Rxd2+ Kxe4 59. Qe7+ Kf5 60. Rd5+ Kg4 61. Qg5+ Kh3 62. Qg3# 1-0


[Site "https://www.chess.com"]

[Event "Titled Tuesday Blitz June 6 Late 2023"]
[White "Rian, Kapriaga"]
[Black "KorolDimitriy75"]
[WhiteFideId "7103263"]
[WhiteElo "2317"]
[BlackElo "2437"]
[Result "1-0"]
[Round "11"]
[TimeControl "180+2"]
[Date "2023.06.07"]
[WhiteClock "0:01:04"]
[BlackClock "0:00:01"]
[Board "79"]

1. d4 Nf6 2. c4 c5 3. d5 b5 4. Qc2 bxc4 5. e4 d6 6. Bxc4 g6 7. Nf3 Bg7 8. O-O O-O 9. Nc3 Nbd7 10. h3 Nb6 11. Be2 e6 12. Bg5 exd5 13. Nxd5 Nbxd5 14. exd5 h6 15. Bh4 g5 16. Bg3 Nxd5 17. Rfd1 Nb4 18. Qd2 d5 19. a3 Nc6 20. Qxd5 Qb6 21. Bd6 Rd8 22. Qxc5 Bxb2 23. Rab1 Qxc5 24. Bxc5 Rxd1+ 25. Bxd1 Bf6 26. Ba4 Bd7 27. Rb7 Be8 28. Rc7 Ne5 29. Bxe8 Rxe8 30. Rxa7 Nxf3+ 31. gxf3 Re1+ 32. Kg2 Ra1 33. Ra6 Bg7 34. Ra8+ Kh7 35. Ra7 Kg6 36. Ra6+ f6 37. Ra7 Ra2 38. Ra6 Kh5 39. Re6 f5 40. Kg3 1-0


[Site "https://www.chess.com"]